 Dungeon Crawl Stone Soup version 0.19.5 (webtiles) character file.

44 Gargoyl the Skirmisher (level 3, -2/33 HPs)
             Began as a Ghoul Abyssal Knight on Apr 7, 2017.
             Was a Follower of Lugonu.
             Slain by a hobgoblin (4 damage)
             ... led by Robin
             ... on level 1 of the Dungeon.
             The game lasted 00:02:41 (889 turns).

Gargoyl the Skirmisher (Ghoul Abyssal Knight)        Turns: 889, Time: 00:02:41

Health: -2/33      AC:  7    Str: 14 (15) XL:     3   Next: 60%
Magic:  3/3        EV:  6    Int:  6 (7)  God:    Lugonu [*.....]
Gold:   42         SH:  6    Dex:  8 (9)  Spells: 0 memorised, 2 levels left

rFire  . . .     SeeInvis .     a - +1 hand axe
rCold  + . .     Gourm    .     e - +0 scale mail
rNeg   + + +     Faith    .     f - +0 shield
rPois  ∞         Spirit   .     (no helmet)
rElec  .         Reflect  .     b - +0 cloak
rCorr  .         Harm     .     (no gloves)
MR     .....                    (no boots)
Stlth  ..........               (no amulet)
                                (no ring)
                                (no ring)

@: rotting
A: rotting body, claws 1, carnivore 3, cold resistance 1, negative energy
resistance 3, slow regeneration 1, torment resistance, unbreathing
a: Depart the Abyss, Renounce Religion


You were on level 1 of the Dungeon.
You worshipped Lugonu.
Lugonu was aware of your devotion.
You were not hungry.

You visited 1 branch of the dungeon, and saw 2 of its levels.
You visited the Abyss 1 time.

You collected 42 gold pieces.

Inventory:

Hand Weapons
 a - a +1 hand axe (weapon)
Armour
 b - a +0 cloak (worn)
 e - a +0 scale mail (worn)
 f - a +0 shield (worn)
Scrolls
 d - a scroll of teleportation {unknown}
 g - a scroll of remove curse
 j - a scroll of identify
Comestibles
 c - 2 meat rations


   Skills:
 + Level 3.8 Fighting
 + Level 2.3 Axes
 * Level 2.2 Armour
 + Level 1.0 Dodging
 + Level 0.3 Shields
 * Level 2.1 Invocations


You had 2 spell levels left.
You didn't know any spells.

Dungeon Overview and Level Annotations

Branches:
Dungeon (2/15)

Altars:

Annotations:
D:2 Robin


Innate Abilities, Weirdness & Mutations

Your body is rotting away.
You thrive on raw meat.
You are immune to poison.
You have sharp fingernails.
You are carnivorous and can eat meat at any time.
Your flesh is cold resistant. (rC+)
You are immune to negative energy. (rN+++)
You regenerate slowly when monsters are visible.
You are immune to unholy pain and torment.
You can survive without breathing.


Message History

Robin roars a battlecry!
The hobgoblin barely misses you.
You climb upwards.
There is a stone staircase leading down here.
It was a potion of mutation.
You feel extremely strange.
Your body decomposes!
You feel clumsy.
Your body decomposes!
You feel weakened.
Your body decomposes!
You feel dopey. The hobgoblin completely misses you.
Your shield and scale mail prevent you from hitting the hobgoblin.
The hobgoblin is almost dead.
You block the hobgoblin's attack.
You closely miss the hobgoblin.
The hobgoblin is almost dead.
The hobgoblin no longer looks unusually strong.
The hobgoblin hits you.
You die...

#.#################.##
#........)............
##############.####.##
#.###.... #.##..#..
#.##.....
##########.##.#.##
#g................
#@#######.###.#.##
##.#######.# #.#.##
#..........# #.#.##
#..######### #.#.##
#..# #..... #..#
###... #..# ##.#
###..# ##.# #....#
########...


You could see a hobgoblin.

Vanquished Creatures
  2 dart slugs
  7 bats (D:1)
  A giant cockroach (D:1)
  12 goblins
  5 hobgoblins
  2 ball pythons (D:1)
  2 frilled lizards (D:1)
  4 kobolds (D:1)
  3 rats (D:1)
38 creatures vanquished.

Vanquished Creatures (others)
  A plant (Abyss:1)
1 creature vanquished.

Grand Total: 39 creatures vanquished

Notes
Turn   | Place    | Note
-------+----------+-------------------------------------------
     0 | Abyss:1  | Gargoyl the Ghoul Abyssal Knight began the quest for the Orb.
     0 | Abyss:1  | Reached XP level 1. HP: 19/19 MP: 1/1
    98 | Abyss:1  | Noticed a starcursed mass
   105 | Abyss:1  | Noticed a siren
   106 | Abyss:1  | Noticed a large abomination
   120 | D:1      | Escaped the Abyss
   178 | D:1      | Reached XP level 2. HP: 19/25 MP: 2/2
   250 | D:1      | Reached * piety under Lugonu
   536 | D:1      | Reached XP level 3. HP: 32/33 MP: 3/3
   860 | D:2      | Noticed Robin
   862 | D:2      | Reached skill level 1 in Dodging
   883 | D:2      | HP: 1/33 [hobgoblin[Robin] (3)]
   889 | D:1      | Slain by a hobgoblin

Skill      XL: |  1  2  3 |
---------------+----------+-----
Axes           | 2 |  2.3
Armour         | 2 |  2.2
Dodging        | 1 |  1.0
Fighting       | |  3.8
Shields        | |  0.3
Invocations    | |  2.1

Action                   || total
-------------------------++-------
Melee: Hand axe          ||    94
Invok: Depart the Abyss  ||     1
  Use: Scroll            ||     3
       Potion            ||     1
  Eat: Chunk             ||     8
Armor: Scale mail        ||    73
Dodge: Dodged            ||    45
Block: Shield            ||    52
